 Dungeon Crawl Stone Soup version 0.21-a0-440-g28109cb (webtiles) character file.

5 namelastname112 the Conjurer (level 1, -1/10 HPs)
             Began as a Kobold Conjurer on Nov 10, 2017.
             Killed from afar by a dart slug (2 damage)
             ... with a slug dart
             ... on level 1 of the Dungeon.
             The game lasted 00:01:07 (272 turns).

namelastname112 the Conjurer (Kobold Conjurer)       Turns: 272, Time: 00:01:08

Health: -1/10      AC:  2    Str:  5    XL:     1   Next: 88%
Magic:  0/3        EV: 15    Int: 16    God:
Gold:   7          SH:  0    Dex: 15    Spells: 3/4 levels left

rFire    . . .     SeeInvis .   k - +0 whip
rCold    . . .     Gourm    .   (shield restricted)
rNeg     . . .     Faith    .   a - +0 robe
rPois    .         Spirit   .   (no helmet)
rElec    .         Reflect  .   (no cloak)
rCorr    .         Harm     .   (no gloves)
MR       .....                  (no boots)
Stlth    ++........             (no amulet)
HPRegen  0.03/turn              (no ring)
MPRegen  0.08/turn              (no ring)

@: no status effects
A: carnivore 3
a: no special abilities


You were on level 1 of the Dungeon.
You were not hungry.

You visited 1 branch of the dungeon, and saw 1 of its levels.

You collected 7 gold pieces.

Inventory:

Hand Weapons
 k - a +0 whip (weapon)
Armour
 a - a +0 robe (worn)
Scrolls
 d - a scroll of recharging {unknown}
 h - a scroll of identify {unknown}
 i - a scroll of remove curse {unknown}
 j - a scroll of enchant weapon {unknown}
Potions
 e - a potion of mutation {unknown}
 g - a potion of berserk rage {unknown}
Books
 b - a book of Conjurations

   Spells                             Type                      Level
   a - Magic Dart                     Conjuration                  1
   b - Searing Ray                    Conjuration                  2
   c - Dazzling Spray                 Conjuration/Hexes            3
   d - Fulminant Prism                Conjuration/Hexes            4
   e - Force Lance                    Conjuration/Translocation    4
   f - Iskenderun's Mystic Blast      Conjuration                  4
Comestibles
 c - 2 meat rations
 f - a royal jelly


   Skills:
 - Level 2.4 Dodging
 - Level 2.6 Stealth
 + Level 2.4 Spellcasting
 + Level 4.1 Conjurations


You had 3 spell levels left.
You knew the following spells:

 Your Spells              Type           Power        Failure   Level  Hunger
z - Magic Dart            Conj           ###.         3%          1    #......


Dungeon Overview and Level Annotations

Branches:
Dungeon (1/15)

Altars:


Innate Abilities, Weirdness & Mutations

You are small and have problems with some larger weapons.
You are carnivorous and can eat meat at any time.


Message History

A leopard gecko comes into view.
The leopard gecko hisses angrily.
The dart slug closely misses you.
There is a stone staircase leading down here.
You hit the dart slug but do no damage. The dart slug bites you.
You take 1 damage, and have 7/10 hp.
You hit the dart slug but do no damage. You hit the dart slug.
The dart slug is moderately wounded.
The dart slug launches a dart at you. The slug dart hits you!
Ouch! That really hurt!
* * * LOW HITPOINT WARNING * * *
You take 6 damage, and have 1/10 hp.
MASSIVE DAMAGE!!
You are too injured to fight recklessly!
You are too injured to fight recklessly!
Unknown command.
The dart slug launches a dart at you. The slug dart hits you!
You die...

########### #####
#.........#
......####>........#
......w>@..........#
.....l####.........#
### .....
#####.##### .. ....
######.########## ..
...
..............##.. .
#.#
#######.#####.....
#.# #.######.... #.#
#.##...(.#.. # ..###
#....#######


You could see a dart slug and a leopard gecko.

Vanquished Creatures
  A goblin (D:1)
  A hobgoblin (D:1)
  2 kobolds (D:1)
  A frilled lizard (D:1)
5 creatures vanquished.

Notes
Turn   | Place    | Note
-------+----------+-------------------------------------------
     0 | D:1      | namelastname112 the Kobold Conjurer began the quest for the Orb.
     0 | D:1      | Reached XP level 1. HP: 10/10 MP: 3/3
   216 | D:1      | Wingboner: https://2ch.hk/ro/src/2/15074733209710.mp4
   232 | D:1      | namelastname112: лол
   232 | D:1      | namelastname112: да
   232 | D:1      | namelastname112: ящерки это не шутки
   272 | D:1      | Killed from afar by a dart slug

Vault maps used:
D:1:      shiori_arrival_whats_in_store_for_you

Action                   || total
-------------------------++-------
Melee: Whip              ||    17
 Cast: Magic Dart        ||     9
Armor: Robe              ||     2
Dodge: Dodged            ||    16

Table legend:
 A = Spawn XP
 B = Non-spawn XP
 C = Spawn XP percentage of total XP
 D = Spawn monster count
 E = Non-spawn monster count
 F = Spawn count percentage of total count
 G = Total turns spent on level
                    A         B        C        D         E        F      G
               +---------+---------+-------+---------+---------+-------+---------
         Total |       0 |       8 |   0.0 |       0 |       5 |   0.0 |   272
               +---------+---------+-------+---------+---------+-------+---------
           D:1 |       0 |       8 |   0.0 |       0 |       5 |   0.0 |   272
               +---------+---------+-------+---------+---------+-------+---------
